 Dungeon Crawl Stone Soup version 0.28.0-53-g5a82cb258f (webtiles) character file.

Game seed: 810548371271799138

256 uvd540 the Covered (level 5, -1/47 HPs)
             Began as a Minotaur Fighter on Aug 9, 2022.
             Was an Initiate of Gozag.
             Succumbed to a killer bee's poison
             ... on level 4 of the Dungeon.
             The game lasted 00:34:24 (3302 turns).

uvd540 the Covered (Minotaur Fighter)               Turns: 3302, Time: 00:34:25

Health: -1/47      AC: 13    Str: 23    XL:     5   Next: 92%
Magic:  4/4        EV:  6    Int:  5    God:    Gozag
Gold:   487        SH:  4    Dex:  9    Spells: 4/4 levels left

rFire   . . .      SeeInvis .   a - +0 war axe
rCold   . . .      Faith    .   c - +0 buckler
rNeg    . . .      Spirit   .   k - +1 plate armour
rPois   .          Reflect  .   n - +0 hat
rElec   .          Harm     .   (no cloak)
rCorr   +          Rampage  .   (no gloves)
Will    .....                   (no boots)
Stlth   ..........              (no amulet)
HPRegen 0.15/turn               i - ring of resist corrosion
MPRegen 0.09/turn               (no ring)

@: lethally poisoned (-1 -> -16)
A: horns 2, retaliatory headbutt
a: Renounce Religion, Potion Petition, Call Merchant, Bribe Branch


You were on level 4 of the Dungeon.
You worshipped Gozag.
Gozag was aware of your devotion.
You visited 1 branch of the dungeon, and saw 4 of its levels.

You collected 487 gold pieces.

Inventory:

Hand Weapons
 a - a +0 war axe (weapon)
 l - a +0 war axe
Missiles
 e - 143 stones (quivered)
Armour
 b - a +1 scale mail
 c - a +0 buckler (worn)
 k - a +1 plate armour (worn)
 n - a +0 hat (worn)
 o - a +0 animal skin
 p - a +0 helmet
Jewellery
 i - a ring of resist corrosion (left hand)
Scrolls
 h - a scroll of noise
 j - a scroll of teleportation
Potions
 d - a potion of might
 f - a potion of degeneration
 m - 2 potions of flight
 r - a potion of lignification {unknown}
 s - 2 potions of brilliance {unknown}


   Skills:
 + Level 4.8 Fighting
 * Level 4.9 Axes
 + Level 4.9 Armour
 + Level 4.9 Shields


You had 4 spell levels left.
You didn't know any spells.
Your spell library contained the following spells:

 Spells                   Type           Power      Damage    Failure   Level
 Shock                    Conj/Air       0%         1d3       100%        1
 Blink                    Tloc           0%         N/A       100%        2
 Lesser Beckoning         Tloc           0%         N/A       100%        3
 Swiftness                Air            0%         N/A       100%        3
 Airstrike                Air            0%         N/A       100%        4
 Manifold Assault         Tloc           0%         N/A       100%        5


Dungeon Overview and Level Annotations

Branches:
Dungeon (4/15)
 Temple: D:4-7

Altars:
Gozag
Wu Jian


Innate Abilities, Weirdness & Mutations

You have a pair of horns on your head.
You reflexively headbutt those who attack you in melee.


Message History

You block the killer bee's attack.
The killer bee stings you but does no damage.
You barely miss the killer bee. Your headbutt misses the killer bee.
The killer bee is moderately wounded.
You feel sick.
The killer bee stings you but does no damage.
The killer bee barely misses you.
The killer bee stings you but does no damage.
You miss the killer bee.
The killer bee is moderately wounded.
You feel sick. The killer bee stings you. x2
You are more poisoned.
The killer bee poisons you!
The killer bee stings you but does no damage.
You feel sick.
The killer bee stings you but does no damage.
You feel sick.
The killer bee stings you but does no damage.
You block the killer bee's attack.
You feel sick. The killer bee closely misses you. You furiously retaliate!
You headbutt the killer bee.
You feel sick. The killer bee stings you.
* * * LOW HITPOINT WARNING * * *
You are lethally poisoned!
The killer bee poisons you!
* * * LOW HITPOINT WARNING * * *
You feel sick.
The killer bee stings you but does no damage.
* * * LOW HITPOINT WARNING * * *
You feel sick. You block the killer bee's attack.
It was a potion of magic.
Magic courses through your body.
* * * LOW HITPOINT WARNING * * *
You feel sick. The killer bee stings you.
* * * LOW HITPOINT WARNING * * *
You are more poisoned.
The killer bee poisons you! You block the killer bee's attack.
You miss the killer bee.
The killer bee is heavily wounded.
You die...
Your body crumbles into a pile of gold.

#... +.......#
###..###.......#
#.....#........#
#...>........#
#...#.##.......#
#...#.########.#
#...#.# #.# #
#...#y########.#
.
#...#@#........#
.
....#.#........#
.
###..#.#........#
. #.#..(.....# .
#.#........# .
#.#........# . $
#.#........# .
#.'........# .
###.......##


You could see a killer bee.

Vanquished Creatures
  A scorpion (D:2)
  A killer bee (D:4)
  Robin (D:2)
  7 adders
  An ufetubus (D:3)
  A worm (D:2)
  A dart slug (D:3)
  4 ball pythons (D:1)
  5 endoplasms
  2 giant cockroaches
  15 goblins
  10 hobgoblins
  3 jackals (D:2)
  A quokka (D:1)
  5 bats
  A frilled lizard (D:1)
  8 kobolds
  4 rats
71 creatures vanquished.

Notes
Turn   | Place    | Note
-------+----------+-------------------------------------------
     0 | D:1      | uvd540 the Minotaur Fighter began the quest for the Orb.
     0 | D:1      | Reached XP level 1. HP: 19/19 MP: 0/0
   210 | D:1      | Reached XP level 2. HP: 27/27 MP: 1/1
   448 | D:1      | Found a faded altar of an unknown god.
   467 | D:1      | Prayed at the altar of an unknown god.
   467 | D:1      | Became a worshipper of Gozag Ym Sagoz the Greedy
   711 | D:2      | Reached XP level 3. HP: 19/33 MP: 2/2
   978 | D:2      | Noticed a scorpion
   988 | D:2      | Killed a scorpion
   989 | D:2      | Reached XP level 4. HP: 16/40 MP: 3/3
  1606 | D:2      | Noticed Robin
  1634 | D:2      | Killed Robin
  1635 | D:2      | Reached XP level 5. HP: 37/47 MP: 4/4
  2690 | D:3      | Found an ornate altar of the Wu Jian Council.
  3301 | D:4      | HP: 2/47 [killer bee (2)]
  3302 | D:4      | Succumbed to a killer bee's poison

Illustrated notes

Levels and vault maps discovered:
D:1:      lemuel_arrival_hallway, layout_loops_ring,
          chequers_ecumenical_altar_simple_redux
D:2:      layout_basic, nrook_uturn, uniq_robin
D:3:      layout_basic, nicolae_wu_jian_glorious_leap
D:4:      layout_basic

Skill      XL: |  1  2  3  4 |
---------------+-------------+-----
Armour         | 4 |  4.9
Axes           | 3 4 |  4.9
Shields        | 4 |  4.9
Fighting       | 4 |  4.8

Action                   |  1- 3 |  4- 6 || total
-------------------------+-------+-------++-------
Melee: War axe           |    53 |   100 ||   153
       Headbutt          |     6 |    10 ||    16
Throw: Stone             |       |     1 ||     1
  Use: Scroll            |     3 |     4 ||     7
       Potion            |       |     1 ||     1
 Stab: Distracted        |       |     1 ||     1
Armor: Scale mail        |    33 |       ||    33
       Plate armour      |       |   112 ||   112
Dodge: Dodged            |    23 |    34 ||    57
Block: Buckler           |    14 |    35 ||    49
